 Dungeon Crawl Stone Soup version 0.31.0-12-g77e489cdc1 (webtiles) character file.

Game seed: 1420051811181747718

130 BigDaddyOpFi the Chopper (level 5, -1/47 HPs)
             Began as a Hill Orc Monk on Feb 28, 2024.
             Was a Believer of Beogh.
             Succumbed to Crazy Yiuf's poison
             ... on level 3 of the Dungeon.
             The game lasted 00:04:37 (3135 turns).

BigDaddyOpFi the Chopper (Hill Orc Monk)            Turns: 3135, Time: 00:04:38

Health: -1/47      AC: 12    Str: 16    XL:     5   Next: 13%
Magic:  6/6        EV:  7    Int: 10    God:    Beogh [**....]
Gold:   174        SH:  0    Dex: 13    Spells: 4/4 levels left

rFire   . . .        o - +0 war axe
rCold   . . .        d - orb {light}
rNeg    . . .        g - +0 shadow dragon scales
rPois   .            h - +0 helmet
rElec   .            (no cloak)
rCorr   .            (no gloves)
SInv    .            (no boots)
Will    +....        (no amulet)
Stlth   +            (no ring)
HPRegen 0.27/turn    (no ring)
MPRegen 0.10/turn

%: no passive effects
@: lethally poisoned (-1 -> -13), about to teleport, weakened, enlightened,
flying, hasted, glowing, very quick
A: no striking features
a: Renounce Religion, Smiting


You were on level 3 of the Dungeon.
You worshipped Beogh.
Beogh was pleased with you.
You visited 1 branch of the dungeon, and saw 3 of its levels.

You collected 174 gold pieces.

Inventory:

Hand Weapons
 e - a +7 club
 m - a +3 trident
 o - a +0 war axe (weapon)
Missiles
 j - 2 atropa-tipped darts (quivered)
 k - 4 poisoned darts
 r - 5 silver javelins
Armour
 d - an orb of light (worn)
 g - +0 shadow dragon scales (worn)
 h - a +0 helmet (worn)
 n - a +3 leather armour of positive energy
Wands
 a - a wand of light (3)
Scrolls
 b - a scroll of vulnerability
 p - 2 scrolls of enchant armour {unknown}
 q - a scroll of identify
Potions
 i - a potion of curing


   Skills:
 + Level 4.7 Fighting
 + Level 5.1 Axes
 + Level 0.7 Armour
 + Level 3.2 Dodging
 * Level 1.8 Invocations


You had 4 spell levels left.
You didn't know any spells.
Your spell library was empty.

Dungeon Overview and Level Annotations

Branches:
Dungeon (3/15)

Altars:

Annotations:
D:3 Crazy Yiuf


Message History

a +0 club; an orc corpse
There is an open door here.
Crazy Yiuf glowers.
Unknown command.
You open the door. You barely miss Crazy Yiuf.
Crazy Yiuf hits you with a +4 quarterstaff of chaos!
You feel yourself speed up.
Crazy Yiuf hits you with a +4 quarterstaff of chaos.
Crazy Yiuf burns you.
You hit Crazy Yiuf.
Crazy Yiuf is lightly wounded.
Crazy Yiuf hits you with a +4 quarterstaff of chaos!
You completely miss Crazy Yiuf.
Crazy Yiuf is lightly wounded.
You are confused.
You feel invigorated.
Crazy Yiuf hits you with a +4 quarterstaff of chaos!
* * * LOW HITPOINT WARNING * * *
Crazy Yiuf burns you.
* * * LOW HITPOINT WARNING * * *
It was a potion of curing.
You feel better.
You feel less invigorated.
Crazy Yiuf hits you with a +4 quarterstaff of chaos!
* * * LOW HITPOINT WARNING * * *
Crazy Yiuf freezes you.
* * * LOW HITPOINT WARNING * * *
It was a potion of enlightenment.
You feel very buoyant.
You fly up into the air.
As you read the scroll of teleportation, it crumbles to dust.
You feel strangely unstable. Crazy Yiuf hits you but does no damage.
You feel your attacks grow feeble.
Unknown command.
Crazy Yiuf attacks as he pursues you!
Crazy Yiuf hits you with a +4 quarterstaff of chaos.
* * * LOW HITPOINT WARNING * * *
You are lethally poisoned!
* * * LOW HITPOINT WARNING * * *
You feel very sick.
You die...

###########..#####.....#
#.
###########..#####.....#
#.
############...##......#
#.
############.####..#####
#. ############.###....#
#. ############.#♣♣....♣
#. ####...#####.#♣♣...♣♣
#. #...##....# ♣♣.♣♣ #.
#...##....# ♣@♣♣ #.
#...##....# ♣♣.♣ #####
##. #...##....# ♣.♣♣
#...####.. #...##)†..#
♣♣g♣ #.........
#...).....# *#'#*
##.>...... ##..)....##
*...* #.....###
#.......# #...# #.....#
#.......# #..)#
##.(.#### ##.......##
##### ###...# #.


You could see Crazy Yiuf.

Vanquished Creatures
  Ijyb (D:3)
  3 adders
  2 dart slugs
  A ribbon worm (D:2)
  8 orcs (D:3)
  3 bats
  6 endoplasms
  A giant cockroach (D:1)
  7 goblins
  2 hobgoblins
  4 jackals (D:1)
  5 kobolds
  2 quokkas (D:2)
  9 ball pythons
  4 frilled lizards
  4 rats
62 creatures vanquished.

Notes
Turn   | Place    | Note
-------+----------+-------------------------------------------
     0 | D:1      | BigDaddyOpFi the Hill Orc Monk began the quest for the Orb.
     0 | D:1      | Reached XP level 1. HP: 19/19 MP: 1/1
   137 | D:1      | Reached XP level 2. HP: 23/27 MP: 2/2
   809 | D:1      | Reached XP level 3. HP: 33/33 MP: 3/3
  1137 | D:2      | Reached XP level 4. HP: 30/41 MP: 4/4
  1918 | D:3      | Became a worshipper of Beogh the Brigand
  1918 | D:3      | Reached * piety under Beogh
  1918 | D:3      | Reached ** piety under Beogh
  2023 | D:3      | Found a runed translucent door.
  2024 | D:3      | Noticed Crazy Yiuf
  2317 | D:3      | Reached skill level 5 in Axes
  2317 | D:3      | Reached skill level 1 in Invocations
  2585 | D:3      | Noticed Ijyb
  2604 | D:3      | Killed Ijyb
  2605 | D:3      | Reached XP level 5. HP: 15/47 MP: 1/6
  3134 | D:3      | HP: 1/47 [poisoned by Crazy Yiuf]
  3135 | D:3      | Succumbed to Crazy Yiuf's poison

Illustrated notes

Levels and vault maps discovered:
D:1:      minmay_arrival_hallway, layout_loops_corners
D:2:      layout_basic, minmay_fractal_squares_5
D:3:      layout_basic, uniq_ijyb, uniq_crazy_yiuf_cottage

Skill      XL: |  1  2  3  4 |
---------------+-------------+-----
Fighting       | 4 |  4.7
Dodging        | 3 |  3.2
Axes           | 5 |  5.1
Invocations    | 1 |  1.8
Armour         | |  0.7

Action                     |  1- 3 |  4- 6 || total
---------------------------+-------+-------++-------
  Melee: Hand axe          |    87 |    59 ||   146
         War axe           |       |    33 ||    33
 Invoke: Smiting           |       |     1 ||     1
         Convert to Beogh  |       |     1 ||     1
    Use: Scroll            |     3 |     5 ||     8
         Potion            |       |     5 ||     5
   Stab: Sleeping          |     1 |     1 ||     2
         Distracted        |       |     1 ||     1
 Armour: Shadow dragon sca |    70 |    75 ||   145
         Robe              |     2 |       ||     2
  Dodge: Dodged            |    28 |    26 ||    54
